[Event "Late-Titled-Tuesday-Blitz-June-04-2024"]
[Site "Chess.com"]
[Date "2024.06.04"]
[Round "8"]
[White "AradNazari"]
[Black "DishonorOnYourCow"]
[Result "1-0"]
[WhiteElo "2724"]
[BlackElo "2578"]
[TimeControl "180+1"]
[EndTime "15:25:57 PDT"]
[Termination "AradNazari won by resignation"]

1. f4 d5 2. d3 c5 3. h3 Nc6 4. Kf2 e5 5. Nf3 Bd6 6. Nc3 exf4 7. Nxd5 Nd4 8. Nxf4 Nxf3 9. Kxf3 Nf6 10. e4 h5 11. Be2 Qc7 12. c4 g5 13. Nd5 Nxd5 14. cxd5 g4+ 15. Kf2 Bg3+ 16. Kf1 gxh3 17. gxh3 Bd7 18. Bf3 O-O-O 19. Be3 f5 20. Bxc5 fxe4 21.
dxe4 Bb5+ 22. Kg2 Rhg8 23. Bxh5 Qxc5 24. Rc1 Bc4 25. Bg4+ Kb8 26. Kxg3 Qe3+ 27. Qf3 Qd2 28. Rxc4 Ka8 29. Rhc1 a5 30. Qc3 Qg5 31. Qxa5+ Kb8 32. Qc7+ 1-0

[Event "Late-Titled-Tuesday-Blitz-June-04-2024"]
[Site "Chess.com"]
[Date "2024.06.04"]
[Round "8"]
[White "aghasiyevkamal"]
[Black "DeTimmerman"]
[Result "0-1"]
[WhiteElo "2619"]
[BlackElo "2778"]
[TimeControl "180+1"]
[EndTime "15:25:58 PDT"]
[Termination "DeTimmerman won on time"]

1. e4 e5 2. Nf3 Nc6 3. Bc4 Nf6 4. d3 Be7 5. O-O O-O 6. Re1 d6 7. a4 Kh8 8. a5 a6 9. h3 Ng8 10. Nc3 f5 11. Nd5 Bf6 12. c3 Nce7 13. Nxf6 Nxf6 14. Bg5 fxe4 15. dxe4 Qe8 16. Nh4 Ng6 17. Bxf6 Rxf6 18. Qh5 Bd7 19. Re3 Nf4 20. Qxe8+ Rxe8 21. Rae1 Ref8 22. Kh2 h6 23. b4 g5 24. Nf5 Bxf5 25. exf5 Rxf5 26. Rf3 R5f6 27. g3 Ng6 28. Rxf6 Rxf6 29.
Kg2 Ne7 30. Bd3 Kg7 31. c4 Nc6 32. Rb1 Rf8 33. Be4 Kf6 34. Kf1 Ke7 35. Ke1 Kd7 36.
Rb2 b6 37. axb6 cxb6 38. Bd5 Kc7 39. b5 axb5 40. cxb5 Nd4 41. Ra2 Nxb5 42. Rc2+ Kb8 43. Rb2 Nd4 44. Rxb6+ Kc7 45. Rb7+ Kc8 46. Rh7 Rf6 47.
Be4 Ne6 48. Bd5 Nc7 0-1

[Event "Late-Titled-Tuesday-Blitz-June-04-2024"]
[Site "Chess.com"]
[Date "2024.06.04"]
[Round "8"]
[White "Hikaru"]
[Black "rasmussvane"]
[Result "1-0"]
[WhiteElo "3212"]
[BlackElo "2918"]
[TimeControl "180+1"]
[EndTime "15:25:59 PDT"]
[Termination "Hikaru won by resignation"]

1. d4 Nf6 2. c4 e6 3. Nc3 Bb4 4. f3 d5 5. a3 Be7 6. cxd5 exd5 7. Bf4 c5 8. e3 O-O 9. Bd3 Nc6 10. Nge2 Be6 11. Bg3 Nh5 12. Bf2 cxd4 13. exd4 Bd6 14. Qd2 Qf6 15. Be3 h6 16. O-O Qh4 17. g3 Qe7 18.
Bxh6 f5 19. Bg5 Qf7 20. Rae1 Rae8 21. Bb1 Na5 22. Nb5 Nc4 23. Nxd6 Nxd6 24. b3 Bd7 25. Nf4 Nxf4 26. Bxf4 Nc8 27. Rc1 Bc6 28. Bd3 Re6 29.
Be5 Ne7 30. f4 Nc8 31. g4 fxg4 32. f5 Rf6 33. Rf4 Nd6 34. Bxf6 Qxf6 35. Rxg4 Nxf5 36. Rf1 Bd7 37. Qg2 Qh6 38. Qxd5+ Be6 39. Qxe6+ Qxe6 40. Bc4 Qxc4 41. bxc4 1-0

[Event "Late-Titled-Tuesday-Blitz-June-04-2024"]
[Site "Chess.com"]
[Date "2024.06.04"]
[Round "8"]
[White "azzbrn"]
[Black "osh1ro"]
[Result "0-1"]
[WhiteElo "2508"]
[BlackElo "2626"]
[TimeControl "180+1"]
[EndTime "15:26:05 PDT"]
[Termination "osh1ro won by checkmate"]

1. e4 e6 2. d4 d5 3. e5 c5 4. c3 Nc6 5. Nf3 Qb6 6. a3 cxd4 7. cxd4 Bd7 8. b4 Rc8 9. Bb2 Na5 10. Nbd2 Nc4 11. Nxc4 dxc4 12. Rc1 a5 13. Nd2 axb4 14. Nxc4 Qa7 15. axb4 Bxb4+ 16. Bc3 Be7 17. Ra1 Qb8 18.
Nb6 Rxc3 19. Ra8 Qxa8 20. Nxa8 Bb4 21. Nc7+ Rxc7+ 22. Ke2 Ne7 23. Qb3 Nd5 24. f3 Bb5+ 25. Kf2 Bxf1 26. Rxf1 O-O 27. Kg3 Ra8 28. Qb2 g6 29. Ra1 Rac8 30. Ra4 Rc2 31. Qb1 R8c4 32. Ra8+ Kg7 33. Qa1 Ne3 34. Kh3 Nxg2 35. Qa4 Nf4+ 36. Kg4 Rxd4 37. Qe8 Rg2+ 38. Kh4 g5# 0-1

[Event "Late-Titled-Tuesday-Blitz-June-04-2024"]
[Site "Chess.com"]
[Date "2024.06.04"]
[Round "8"]
[White "Tol_Tol"]
[Black "AustinThomas12345"]
[Result "0-1"]
[WhiteElo "2380"]
[BlackElo "2485"]
[TimeControl "180+1"]
[EndTime "15:26:06 PDT"]
[Termination "AustinThomas12345 won on time"]

1. d4 Nf6 2. c4 e6 3. Nc3 Bb4 4. e3 O-O 5. Bd3 d5 6. Nf3 dxc4 7. Bxc4 c5 8. O-O b6 9. a3 Bxc3 10. bxc3 Qc7 11. Bd3 Bb7 12. Qe2 Nbd7 13. e4 cxd4 14. cxd4 e5 15. d5 Nc5 16. Bb2 Rfe8 17. Rac1 Nh5 18. g3 Qd6 19. Bb5 Re7 20. Nh4 g6 21.
Qe3 f5 22. exf5 a6 23. Be2 Qf6 24. fxg6 hxg6 25. Bxh5 gxh5 26. f4 exf4 27. Qd2 Qd6 28. Rxf4 Qxd5 29. Qxd5+ Bxd5 30. Nf5 Re2 31. Nh6+ Kh7 0-1

[Event "Late-Titled-Tuesday-Blitz-June-04-2024"]
[Site "Chess.com"]
[Date "2024.06.04"]
[Round "8"]
[White "AlexeiShirov"]
[Black "BogdanDeac"]
[Result "0-1"]
[WhiteElo "2892"]
[BlackElo "3016"]
[TimeControl "180+1"]
[EndTime "15:26:07 PDT"]
[Termination "BogdanDeac won by resignation"]

1. e4 e5 2. Nf3 Nc6 3. Bc4 Nf6 4. d3 Bc5 5. Bg5 d6 6. c3 h6 7. Bh4 a6 8. Nbd2 Ba7 9. O-O Qe7 10. b4 g5 11. Bg3 Nh7 12. a4 Nf8 13. b5 Na5 14. Bd5 Ng6 15. bxa6 c6 16. axb7 Bxb7 17. Ba2 h5 18. h3 Bc8 19. Kh1 g4 20. Ng1 Nf4 21.
h4 Nxd3 22. Nc4 Nxc4 23. Qxd3 Na5 24. f4 gxf3 25. Nxf3 f6 26. Ng5 Bc5 27. Rad1 Ba6 28.
Qf3 Bxf1 29. Ne6 Bc4 30. Bxc4 Nxc4 31. Qf5 Ne3 32. Qg6+ Qf7 33. Nc7+ Ke7 0-1

[Event "Late-Titled-Tuesday-Blitz-June-04-2024"]
[Site "Chess.com"]
[Date "2024.06.04"]
[Round "8"]
[White "RealPerangel"]
[Black "ulises2013"]
[Result "1-0"]
[WhiteElo "2761"]
[BlackElo "2898"]
[TimeControl "180+1"]
[EndTime "15:26:08 PDT"]
[Termination "RealPerangel won by checkmate"]

1. e4 g6 2. g3 Bg7 3. Bg2 c5 4.
Ne2 Nc6 5. c3 e5 6. d3 Nge7 7.
Be3 d6 8. O-O O-O 9. f4 f5 10. Nd2 Be6 11. Nf3 h6 12. fxe5 dxe5 13. exf5 Nxf5 14. Bxc5 Rf7 15. g4 Nfe7 16. h3 Nd5 17. Qd2 Qd7 18. c4 Nf4 19. Nxf4 exf4 20. Rae1 Rd8 21. b3 b6 22. Ba3 Kh7 23. Bb2 Bxb2 24.
Qxb2 Re7 25. Qf6 Bg8 26. Ng5+ hxg5 27. Bxc6 Rf7 28. Qxg5 Qxd3 29. Rf3 Qd4+ 30. Kh1 Qf6 31. Qxf6 Rxf6 32. Re7+ Kh6 33. Be4 g5 34. h4 gxh4 35. Re5 Kg7 36. Kh2 Rd2+ 37. Kh3 Rxa2 38. Kxh4 Rh2+ 39.
Kg5 Rb2 40. Bf5 Bf7 41. Kxf4 Rd6 42. Re7 Kf6 43. Rxa7 Rd4+ 44. Be4 Be6 45. g5# 1-0

[Event "Late-Titled-Tuesday-Blitz-June-04-2024"]
[Site "Chess.com"]
[Date "2024.06.04"]
[Round "8"]
[White "IMRosen"]
[Black "ChessLebaneseSalah"]
[Result "1-0"]
[WhiteElo "2742"]
[BlackElo "2581"]
[TimeControl "180+1"]
[EndTime "15:26:10 PDT"]
[Termination "IMRosen won on time"]

1. d4 Nf6 2. Bf4 d6 3. Nc3 Nbd7 4. Nf3 g6 5. e4 e5 6. dxe5 dxe5 7. Nxe5 Bg7 8. Nxd7 Bxd7 9. Bd3 O-O 10. O-O Bc6 11. Re1 Re8 12. Bg5 h6 13. Bh4 g5 14. Bg3 Qe7 15. Qf3 Rad8 16. Qf5 Bd7 17. Qa5 Bc6 18. Qxa7 Nh5 19. Qe3 Nxg3 20. Qxg3 Qb4 21. Rab1 Be5 22. Qg4 Bxc3 23. bxc3 Qxc3 24. h4 Re6 25. hxg5 Rg6 26.
f4 hxg5 27. f5 Qd4+ 28. Kf1 Rh6 29. Qxg5+ Kh7 30. e5 Kh8 31. Qxh6+ Kg8 32. f6 1-0

[Event "Late-Titled-Tuesday-Blitz-June-04-2024"]
[Site "Chess.com"]
[Date "2024.06.04"]
[Round "8"]
[White "Arimin1329"]
[Black "Chaubunagungamaug1"]
[Result "1-0"]
[WhiteElo "2375"]
[BlackElo "2455"]
[TimeControl "180+1"]
[EndTime "15:26:12 PDT"]
[Termination "Arimin1329 won by resignation"]

1. Nf3 d5 2. g3 Bg4 3. Bg2 Nd7 4. O-O Ngf6 5. b3 e5 6. Bb2 Bd6 7. d3 O-O 8. Nbd2 c6 9. e4 Re8 10. a4 Qc7 11. Re1 h6 12. Nf1 Nc5 13. exd5 cxd5 14. d4 Ncd7 15. dxe5 Nxe5 16. Ne3 Bh5 17. Nxd5 Nxd5 18. Qxd5 Nxf3+ 19. Bxf3 Bxf3 20. Qxf3 Qxc2 21.
Bd4 b6 22. Rad1 Bb4 23. Rxe8+ Rxe8 24. Qg4 Bf8 25. Be3 Qxb3 26. Rd7 Qe6 27. Qxe6 Rxe6 28. Rxa7 Bb4 29. Rb7 Ba5 30. Kg2 g5 31. g4 Kg7 32.
Kf3 Kg6 33. h3 Rf6+ 34. Ke4 Re6+ 35. Kd5 Re8 36. Bxb6 Be1 37. Be3 Re6 38. a5 Kg7 39.
Rb6 Re7 40. a6 Ra7 41. Rg6+ Kxg6 42. Bxa7 Ba5 43. Be3 1-0

[Event "Late-Titled-Tuesday-Blitz-June-04-2024"]
[Site "Chess.com"]
[Date "2024.06.04"]
[Round "8"]
[White "talaicito"]
[Black "Laico"]
[Result "0-1"]
[WhiteElo "2201"]
[BlackElo "2412"]
[TimeControl "180+1"]
[EndTime "15:26:12 PDT"]
[Termination "Laico won on time"]

1. d4 e6 2. Nc3 f5 3. e4 fxe4 4. Nxe4 Nf6 5. Nxf6+ Qxf6 6. Nf3 b6 7. Bg5 Qg6 8. Bd3 Qh5 9. Bf4 Bd6 10. Be4 Bxf4 11. Bxa8 c6 12. a4 Na6 13. a5 bxa5 14. d5 exd5 15. Rxa5 Bd6 16. Qe2+ Kd8 17. O-O Re8 18. Qd3 Rf8 19. h3 Nc5 20. Qe3 Ne4 21. Rxa7 Bc5 22. Nd4 Bxa7 23. Nxc6+ dxc6 24. Qxa7 Qg6 25. Qb6+ Ke7 26.
Bxc6 Bxh3 27. Qc7+ Kf6 28. Qd6+ Kf7 29. Bxd5+ Be6 30.
Qd7+ Kg8 31. Qxe6+ Qxe6 32. Bxe6+ Kh8 0-1

[Event "Late-Titled-Tuesday-Blitz-June-04-2024"]
[Site "Chess.com"]
[Date "2024.06.04"]
[Round "8"]
[White "lluiss"]
[Black "nitpicker"]
[Result "0-1"]
[WhiteElo "2213"]
[BlackElo "2319"]
[TimeControl "180+1"]
[EndTime "15:26:12 PDT"]
[Termination "nitpicker won on time"]

1. Nf3 Nf6 2. d4 d5 3. c4 e6 4. cxd5 exd5 5. Nc3 c6 6. Qc2 Na6 7. a3 Be7 8. Bg5 Nc7 9. e3 a5 10. Bd3 h6 11. Bh4 O-O 12. O-O Be6 13. Ne2 Nce8 14. Bxf6 Bxf6 15. b4 Nd6 16. Rab1 axb4 17. axb4 Rc8 18.
Nf4 b5 19. e4 Nc4 20. Bxc4 dxc4 21. d5 Bg4 22. e5 Bxf3 23. exf6 Qxf6 24. Qd2 Bxd5 25.
Nxd5 Qd6 26. Rfd1 Rfd8 27. Qe2 cxd5 28. Rd4 Re8 29. Qd2 Rcd8 30. Rd1 Qe5 31. g3 Qe2 32. Rxd5 Rxd5 0-1

[Event "Late-Titled-Tuesday-Blitz-June-04-2024"]
[Site "Chess.com"]
[Date "2024.06.04"]
[Round "8"]
[White "slidingknight2775"]
[Black "subham777"]
[Result "0-1"]
[WhiteElo "2658"]
[BlackElo "2568"]
[TimeControl "180+1"]
[EndTime "15:26:14 PDT"]
[Termination "subham777 won by checkmate"]

1. d4 d5 2. c4 e6 3. Nf3 Nf6 4. g3 Be7 5. Bg2 O-O 6. O-O Ne4 7. b3 c6 8. Qc2 f5 9. Ba3 Nd7 10. Bxe7 Qxe7 11. Qb2 g5 12. Ne5 Nxe5 13. dxe5 Bd7 14. Nd2 Be8 15. Nxe4 fxe4 16. b4 Bg6 17. Rad1 Rad8 18.
Rd4 Rd7 19. Rfd1 Rfd8 20. Qc3 Qg7 21. R4d2 h5 22. b5 h4 23. bxc6 bxc6 24. cxd5 cxd5 25.
gxh4 gxh4 26. Qh3 Qxe5 27. Qxh4 Rf8 28. Qg3 Qf6 29. Kh1 Rg7 30. Rg1 Qxf2 31. Bh3 e3 32. Bxe6+ Kh8 33. Qxf2 exf2 34. Rf1 Be4# 0-1

[Event "Late-Titled-Tuesday-Blitz-June-04-2024"]
[Site "Chess.com"]
[Date "2024.06.04"]
[Round "8"]
[White "protectiago"]
[Black "LoonsDeKoeben"]
[Result "0-1"]
[WhiteElo "2128"]
[BlackElo "2295"]
[TimeControl "180+1"]
[EndTime "15:26:14 PDT"]
[Termination "LoonsDeKoeben won on time"]

1. d4 Nf6 2. c4 e6 3. g3 c5 4.
d5 exd5 5. cxd5 d6 6. Nc3 g6 7. Bg2 Bg7 8. Nf3 O-O 9. O-O Re8 10. Nd2 a6 11. a4 Nbd7 12. h3 Rb8 13. Nc4 Qc7 14.
Bf4 Ne5 15. Bxe5 dxe5 16. e4 b5 17. axb5 axb5 18. Na5 Bd7 19. Qd2 Qd6 20. Rfd1 c4 21. Ne2 Qb6 22. b4 Bf8 23. Qb2 Bd6 24. Kh2 Rf8 25.
f4 Rbe8 26. Rf1 Nh5 27. Qc3 exf4 28. gxf4 f6 29. Ra3 Qc7 30. Qf3 Nxf4 31. Nxf4 g5 0-1

[Event "Late-Titled-Tuesday-Blitz-June-04-2024"]
[Site "Chess.com"]
[Date "2024.06.04"]
[Round "8"]
[White "Meri-Arabidze"]
[Black "arnoldpetra"]
[Result "1-0"]
[WhiteElo "2677"]
[BlackElo "2491"]
[TimeControl "180+1"]
[EndTime "15:26:16 PDT"]
[Termination "Meri-Arabidze won by checkmate"]

1. Nf3 d5 2. b3 c6 3. Bb2 Nf6 4.
g3 Bf5 5. Bg2 e6 6. O-O h6 7. d3 Be7 8. c4 a5 9. Nc3 Na6 10. Rc1 O-O 11. Re1 Bh7 12. Rc2 Re8 13. Qa1 Bf8 14. Rcc1 Nd7 15. Rcd1 Qb6 16. e4 dxc4 17.
dxc4 Red8 18. Na4 Qc7 19. Ne5 Ndc5 20. Nxc5 Bxc5 21. Ng4 Bf8 22. Qc1 Nb4 23. Qb1 Rxd1 24. Rxd1 Rd8 25. a3 Na6 26. Be5 Qb6 27. h4 Nc5 28. Rxd8 Qxd8 29. b4 Qd3 30. Qa1 Nb3 31. Qe1 axb4 32. axb4 Qxc4 33. Qe3 Qxb4 34. Qf4 Nd4 35. Kh2 c5 36. Nf6+ gxf6 37. Qxf6 Nf3+ 38. Bxf3 Qxe4 39. Qh8# 1-0

[Event "Late-Titled-Tuesday-Blitz-June-04-2024"]
[Site "Chess.com"]
[Date "2024.06.04"]
[Round "8"]
[White "AndresDelgado77"]
[Black "1g60-1"]
[Result "1-0"]
[WhiteElo "2365"]
[BlackElo "2441"]
[TimeControl "180+1"]
[EndTime "15:26:19 PDT"]
[Termination "AndresDelgado77 won by resignation"]

1. e4 e6 2. d4 d5 3. e5 c5 4. c3 Nc6 5. Nf3 Bd7 6. a3 f6 7. Bb5 fxe5 8. Bxc6 bxc6 9. Nxe5 Nf6 10. O-O cxd4 11. cxd4 Bd6 12. Bg5 O-O 13. Nc3 c5 14.
Re1 Qc7 15. Rc1 c4 16. Qe2 Rae8 17. f4 a6 18. Kh1 Bc8 19. Rc2 g6 20. Qf3 Nh5 21.
Bh6 Rf6 22. g4 Nxf4 23. Bxf4 g5 24. Nxd5 exd5 25. Qxd5+ Be6 26. Qe4 Rxf4 27. Qe2 Bxe5 28. Qxe5 Bd5+ 29. Qxd5+ Qf7 30. Rxe8+ Kg7 31. Qxf7+ Kxf7 32. Re3 Rxg4 33. Rec3 Rxd4 34. Rxc4 Rd1+ 35. Kg2 Kg6 36. Rc5 h6 37. Ra5 Rd6 38. h4 Rf6 39. hxg5 hxg5 40. Rcc5 Rf4 41. Rxg5+ Kf6 42. Rh5 Rg4+ 43.
Kf3 Rc4 44. Rh6+ Kg7 45. Rb6 Rc1 46. Raxa6 Rf1+ 47. Ke2 Rf7 48. Rc6 Re7+ 49. Kd3 Rd7+ 50. Kc2 Rf7 51. Kb1 Rf1+ 52. Ka2 Rf2 53. a4 Rf3 54. Rab6 1-0

[Event "Late-Titled-Tuesday-Blitz-June-04-2024"]
[Site "Chess.com"]
[Date "2024.06.04"]
[Round "8"]
[White "ReadySkate"]
[Black "K_A_S_T_O_R"]
[Result "1-0"]
[WhiteElo "2728"]
[BlackElo "2867"]
[TimeControl "180+1"]
[EndTime "15:26:20 PDT"]
[Termination "ReadySkate won by checkmate"]

1. d4 Nf6 2. c4 e6 3. Nc3 Bb4 4. f3 d5 5. a3 Bxc3+ 6. bxc3 c6 7. e4 dxe4 8. fxe4 e5 9. Nf3 Bg4 10. Qd3 Bxf3 11. Qxf3 Nbd7 12. Be2 Qa5 13. Bd2 O-O 14. Qe3 Rfe8 15. O-O Rad8 16. Kh1 Qa4 17. d5 cxd5 18. exd5 b6 19. Rf2 Qa5 20. Raf1 Qc5 21. Qxc5 Nxc5 22. Bg5 Nce4 23. Rf5 Nxg5 24. Rxg5 Nd7 25.
Rg3 Nc5 26. Re3 f6 27. g4 e4 28. Kg2 Re5 29. Kg3 Nb7 30. Rb1 Kf7 31. Rb5 Nd6 32.
Rb4 Rc8 33. a4 Rc5 34. Kf4 g6 35. Rg3 g5+ 36. Ke3 f5 37. Kd4 Kf6 38. Rh3 Nf7 39. Rxh7 Re7 40. gxf5 Kxf5 41. Bh5 Rcc7 42. Rb1 Nd6 43.
Rf1# 1-0

[Event "Late-Titled-Tuesday-Blitz-June-04-2024"]
[Site "Chess.com"]
[Date "2024.06.04"]
[Round "8"]
[White "Oleksandr_Bortnyk"]
[Black "stollenmonster"]
[Result "1-0"]
[WhiteElo "3049"]
[BlackElo "2885"]
[TimeControl "180+1"]
[EndTime "15:26:23 PDT"]
[Termination "Oleksandr_Bortnyk won by resignation"]

1. e4 c5 2. Be2 Nc6 3. d3 g6 4. f4 Bg7 5. Nf3 e6 6. c3 d5 7.
O-O Nge7 8. Be3 d4 9. Bf2 O-O 10. c4 e5 11. fxe5 Nxe5 12. Nxe5 Bxe5 13. Nd2 f5 14. Nf3 Bg7 15. exf5 Nxf5 16. Qb3 Re8 17. Rfe1 Ne3 18. Bg3 Re6 19. Bh4 Qc7 20. Bg3 Qd8 21.
Rac1 Rb6 22. Qa3 Qe7 23. Nd2 Ra6 24. Qb3 Rb6 25. Qa3 Ra6 26. Qb3 Rb6 27. Qa4 Bd7 28. Qa5 Rxb2 29. Ne4 b6 30. Qa3 Rc2 31. Bf3 Rf8 32.
Bd6 Rxf3 33. Bxe7 Rxg2+ 34. Kh1 Be5 35. Rxe3 Rxh2+ 36. Kg1 dxe3 37. Qxa7 Bh3 38. Nf6+ Kf7 39. Bd6+ Kxf6 40. Qe7+ Kf5 41. Qxe5+ Kg4 42. Qxh2 1-0

[Event "Late-Titled-Tuesday-Blitz-June-04-2024"]
[Site "Chess.com"]
[Date "2024.06.04"]
[Round "8"]
[White "janhelmer03"]
[Black "ChempionBg"]
[Result "0-1"]
[WhiteElo "2372"]
[BlackElo "2253"]
[TimeControl "180+1"]
[EndTime "15:26:24 PDT"]
[Termination "ChempionBg won on time"]

1. Nf3 Nf6 2. c4 c5 3. g3 b6 4. Bg2 Bb7 5. O-O g6 6. b3 Bg7 7. Bb2 O-O 8. d3 d5 9. Ne5 Na6 10.
Nd2 Rc8 11. a3 Qc7 12. Qc2 Rfd8 13. cxd5 Nxd5 14. Nec4 b5 15. Bxg7 Kxg7 16. Ne3 Nxe3 17. fxe3 Bxg2 18. Kxg2 Qb7+ 19. Rf3 Nc7 20. Qxc5 Nd5 21.
Qd4+ f6 22. Raf1 Rc2 23. Ne4 Nf4+ 24. Rxf4 Rxd4 25. exd4 f5 26. g4 fxe4 27. Rf7+ Kh6 28. h4 exd3+ 29. Kh3 g5 30. hxg5+ Kxg5 31. Rg7+ Kh6 32.
Rg8 dxe2 33. Kh4 Qe4 0-1

[Event "Late-Titled-Tuesday-Blitz-June-04-2024"]
[Site "Chess.com"]
[Date "2024.06.04"]
[Round "8"]
[White "JaackCamel"]
[Black "Defenstrator"]
[Result "0-1"]
[WhiteElo "2232"]
[BlackElo "2371"]
[TimeControl "180+1"]
[EndTime "15:26:25 PDT"]
[Termination "Defenstrator won by resignation"]

1. d4 d5 2. c4 Bf5 3. cxd5 Bxb1 4. Qa4+ c6 5. Rxb1 Qxd5 6. Nf3 Nd7 7. e3 e5 8. Bc4 Qd6 9. O-O b5 10. Bxb5 cxb5 11. Qxb5 Rb8 12. dxe5 Rxb5 13. exd6 Bxd6 14. Nd4 Rh5 15. h3 Ne7 16. Bd2 O-O 17. Rfc1 Ne5 18. Nb5 Bb8 19. Rc3 Nf3+ 20. gxf3 Rxb5 21. b3 Ng6 22. f4 Bd6 23. Rbc1 Bb4 24. Rd3 Bxd2 25.
Rxd2 Nh4 26. Rd7 a5 27. Rcc7 g5 28. fxg5 Rxg5+ 29. Kf1 Ng6 30. Ke2 Rh5 31. f4 Rxh3 32.
f5 Ne5 33. Re7 Rh2+ 34. Kf1 Ng4 35. Kg1 Rxa2 36. Re4 h5 37. Rc5 Kh7 38. f6 Kg6 39. Rf4 Ra3 40. Rff5 Nxf6 41. Rg5+ Kh6 42. Rgf5 Rg8+ 43.
Kf1 Rg6 44. e4 Nxe4 45. Rxh5+ Kg7 46. Rce5 Ng3+ 0-1

[Event "Late-Titled-Tuesday-Blitz-June-04-2024"]
[Site "Chess.com"]
[Date "2024.06.04"]
[Round "8"]
[White "Quattroporte300"]
[Black "PapaieDudu"]
[Result "1-0"]
[WhiteElo "2452"]
[BlackElo "2338"]
[TimeControl "180+1"]
[EndTime "15:26:26 PDT"]
[Termination "Quattroporte300 won by resignation"]

1. e4 c5 2. Nc3 a6 3. a4 Nc6 4. Bc4 g6 5. Nge2 Bg7 6. d3 Nf6 7. Be3 b6 8. h3 O-O 9. O-O e6 10. Ba2 d5 11. exd5 Nxd5 12. Nxd5 exd5 13. d4 c4 14. c3 Bf5 15. Bb1 Qd7 16. Bxf5 Qxf5 17. Ng3 Qe6 18. Qf3 Na5 19. Rfe1 Qd7 20. h4 Nb3 21. Rad1 f5 22. Bf4 Rae8 23. h5 Kh8 24. Be5 f4 25. Nf1 g5 26. Nh2 Re7 27. Ng4 Rfe8 28.
Bxg7+ Kxg7 29. Ne5 Qe6 30. g3 fxg3 31. fxg3 Rf8 32.
Qe3 h6 33. Rf1 Ree8 34. g4 Rd8 35. Kg2 Rde8 36. Qg3 Rd8 37. Rde1 Rxf1 38. Rxf1 Rf8 39. Rxf8 Kxf8 40. Ng6+ Kf7 41. Qc7+ Kf6 42. Qd8+ Kg7 43. Qf8+ 1-0

[Event "Late-Titled-Tuesday-Blitz-June-04-2024"]
[Site "Chess.com"]
[Date "2024.06.04"]
[Round "8"]
[White "urano56"]
[Black "shirovin"]
[Result "1-0"]
[WhiteElo "2432"]
[BlackElo "2083"]
[TimeControl "180+1"]
[EndTime "15:26:27 PDT"]
[Termination "urano56 won on time"]

1. e4 Nf6 2. e5 Nd5 3. d4 d6 4. c4 Nb6 5. f4 dxe5 6. fxe5 Bf5 7. Nc3 e6 8. Nf3 Bb4 9. Be3 c5 10. a3 Bxc3+ 11. bxc3 O-O 12. Be2 cxd4 13. cxd4 Nc6 14. O-O Qd7 15. a4 a5 16. Qb3 Nb4 17. Nh4 Bc2 18. Qc3 Nxa4 19. Qd2 Rfc8 20. Bh5 Bg6 21.
Nxg6 hxg6 22. Be2 Nb6 23. Rac1 Rd8 24. Bf3 Nc6 25. d5 exd5 26. Bxb6 Re8 27. Bxd5 Nxe5 28. Bd4 Re7 29. Bxe5 Rxe5 30. Rxf7 Kh7 31. Rxd7 1-0

[Event "Late-Titled-Tuesday-Blitz-June-04-2024"]
[Site "Chess.com"]
[Date "2024.06.04"]
[Round "8"]
[White "KChor05"]
[Black "NoSpaghettiForYou"]
[Result "0-1"]
[WhiteElo "2629"]
[BlackElo "2561"]
[TimeControl "180+1"]
[EndTime "15:26:28 PDT"]
[Termination "NoSpaghettiForYou won by resignation"]

1. d4 Nf6 2. c4 c5 3. d5 b5 4. Qc2 b4 5. e4 d6 6. g3 g6 7. Bg2 Bg7 8. Nf3 O-O 9. O-O a5 10. Nbd2 e5 11. dxe6 Bxe6 12. e5 dxe5 13. Nxe5 Ra6 14. Nb3 Nfd7 15. Nxd7 Nxd7 16. Be3 Qc7 17.
Rad1 a4 18. Nd2 f5 19. Nf3 Nf6 20. Bf4 Qf7 21. Ng5 Qa7 22. Bd6 Re8 23. Rfe1 Bf7 24. Nxf7 Rxe1+ 25. Rxe1 Qxf7 26. Bxc5 Re6 27. Rd1 h5 28.
Bxb4 h4 29. Bc3 Ng4 30. Bd5 hxg3 31. hxg3 Bxc3 32. Qxc3 f4 33. Re1 fxg3 34. Bxe6 gxf2+ 35. Kg2 f1=Q+ 36. Rxf1 Qxe6 37. Kg3 Ne3 38. Rf4 Nf5+ 39. Kf2 Qd6 40. Qf3 Qd2+ 41. Kg1 Qe1+ 42. Kg2 Ne3+ 43. Kh3 Nf5 44. Kg2 Nh4+ 45. Kh3 Nxf3 46. Rxf3 Qe6+ 47. Kg2 Qxc4 0-1

[Event "Late-Titled-Tuesday-Blitz-June-04-2024"]
[Site "Chess.com"]
[Date "2024.06.04"]
[Round "8"]
[White "whiteglovethief"]
[Black "Alphafischer2019"]
[Result "0-1"]
[WhiteElo "2527"]
[BlackElo "2633"]
[TimeControl "180+1"]
[EndTime "15:26:28 PDT"]
[Termination "Alphafischer2019 won by resignation"]

1. d4 Nf6 2. c4 c5 3. d5 b5 4. cxb5 a6 5. Nc3 axb5 6. a4 b4 7. Nb5 d6 8. e4 Nbd7 9. Nf3 g6 10. Bc4 Bg7 11. Qe2 O-O 12. O-O Ng4 13. h3 Nge5 14. Nxe5 Nxe5 15. Ra2 Ba6 16. b3 Re8 17. Bg5 h6 18. Be3 Nxc4 19. bxc4 e6 20. dxe6 Rxe6 21. Qd3 Qe7 22. Rd2 Rxe4 23. Qxd6 Bf8 24. Bxc5 Qg5 25. Qd5 Qxd5 26. Rxd5 Bb7 27. Bxf8 Bxd5 28. cxd5 Kxf8 29. d6 b3 30. d7 Ke7 31. Rd1 Rd8 32. Nc3 Re5 33.
f4 Rc5 34. Ne4 Rc6 35. Nd2 b2 36. Rb1 Rc1+ 37. Kf2 Rxb1 38. Nxb1 Rxd7 39. Ke2 Rd4 40. g3 Rxa4 41. Kd3 Rb4 42. Kc3 Rb8 0-1

[Event "Late-Titled-Tuesday-Blitz-June-04-2024"]
[Site "Chess.com"]
[Date "2024.06.04"]
[Round "8"]
[White "duone"]
[Black "The_Straightforward_Rook"]
[Result "0-1"]
[WhiteElo "2398"]
[BlackElo "2544"]
[TimeControl "180+1"]
[EndTime "15:26:28 PDT"]
[Termination "The_Straightforward_Rook won by checkmate"]

1. e4 e6 2. d4 d5 3. Bd3 c5 4. Nf3 dxe4 5. Bxe4 Nf6 6. Bd3 cxd4 7. O-O Nc6 8. Bb5 Bc5 9. Nbd2 O-O 10. Nb3 Bb6 11.
Bxc6 bxc6 12. Nbxd4 Bb7 13. Be3 Nd5 14. Bg5 Qc7 15.
c4 Nf4 16. Qd2 e5 17. Nf5 f6 18. Bxf4 exf4 19. Rfe1 Rfe8 20. Rxe8+ Rxe8 21. Re1 Rxe1+ 22. Qxe1 Kf7 23. Qe4 g6 24. c5 gxf5 25. Qxf5 Ba5 26. Qxh7+ Ke8 27. Qg8+ Kd7 28. Qf7+ Kc8 29. Qxf6 Kb8 30. h3 Bc8 31. Nd4 Bd7 32. a3 Qd8 33. Qxf4+ Bc7 34. Qe3 Qf6 35. b4 Be5 36. Nf3 Bf4 37.
Qe1 Bc7 38. Qd1 Be6 39. Qd4 Qg6 40. Ne5 Qb1+ 41. Kh2 Bd5 42. f4 Qf1 43. Qd2 Kb7 44. Kg3 a6 45. h4 Qh1 46. Qe2 Bd8 47. Qg4 Qxg2# 0-1

[Event "Late-Titled-Tuesday-Blitz-June-04-2024"]
[Site "Chess.com"]
[Date "2024.06.04"]
[Round "8"]
[White "jefferyx"]
[Black "Rud_Makarian"]
[Result "0-1"]
[WhiteElo "3078"]
[BlackElo "3001"]
[TimeControl "180+1"]
[EndTime "15:26:31 PDT"]
[Termination "Rud_Makarian won by resignation"]

1. d4 Nf6 2. c4 e6 3. Nc3 d5 4. Nf3 dxc4 5. e3 a6 6. a4 c5 7.
Bxc4 Nc6 8. O-O Be7 9. Qe2 cxd4 10. Rd1 e5 11. exd4 exd4 12. Nxd4 Nxd4 13. Qe5 Qd6 14. Qxd6 Bxd6 15. Rxd4 Bc5 16. Rd3 Be6 17. Bxe6 fxe6 18. Be3 Be7 19. Rad1 Kf7 20. Bb6 Rac8 21. h3 h5 22. Kf1 Rc4 23. Rd4 Rhc8 24. Rxc4 Rxc4 25. Rd4 Rc6 26. a5 e5 27. Ra4 Ke6 28. Ke2 Nd5 29. Nxd5 Kxd5 30. Kd3 Rg6 31. g4 hxg4 32. hxg4 Rc6 33.
Be3 Re6 34. f3 Rf6 35. f4 exf4 36. Rd4+ Kc6 37. Bxf4 Bc5 38. Rc4 Kb5 39. b3 Rf7 40.
Ke4 Bb4 41. Rc7 Rxf4+ 0-1

[Event "Late-Titled-Tuesday-Blitz-June-04-2024"]
[Site "Chess.com"]
[Date "2024.06.04"]
[Round "8"]
[White "sammartin99"]
[Black "Alina_Gumerovna"]
[Result "1-0"]
[WhiteElo "2294"]
[BlackElo "2127"]
[TimeControl "180+1"]
[EndTime "15:26:33 PDT"]
[Termination "sammartin99 won on time"]

1. d4 Nf6 2. Bg5 d6 3. Nd2 g6 4. Bxf6 exf6 5. g3 Bg7 6. Bg2 f5 7. e3 O-O 8. Ne2 Nd7 9. O-O c6 10. c4 Nf6 11. Nc3 Be6 12. d5 Bd7 13. dxc6 bxc6 14.
Nb3 Qc7 15. Rc1 a5 16. c5 d5 17. Nd4 Rab8 18. Na4 Bc8 19. Nb6 Ba6 20. Re1 Ng4 21.
Qa4 Bxd4 22. exd4 f4 23. Qxa5 Bb5 24. a4 Bd3 25. Qd2 Bf5 26. Qxf4 Qxf4 27. gxf4 Nf6 28. Re7 Nh5 29. a5 Nxf4 30. a6 Rfe8 31. a7 Rbd8 32. Rxe8+ Rxe8 33. a8=Q Rxa8 34. Nxa8 Ne2+ 35. Kf1 Nxc1 36.
Nb6 Nb3 37. Bxd5 cxd5 38. Nxd5 Nxd4 39. b4 Kf8 40. Ke1 Ke8 41. Kd2 1-0